 Dungeon Crawl Stone Soup version 0.30-a0-1163-gf69bf04e7a (webtiles) character file.

Game seed: 4711045250511220017

156 Demosthentine the Poker (level 5, -3/41 HPs)
             Began as a Demonspawn Gladiator on Apr 29, 2023.
             Slain by a gnoll
             ... wielding a +0 flail
              (11 damage)
             ... on level 3 of the Dungeon.
             The game lasted 00:02:19 (2095 turns).

Demosthentine the Poker (Demonspawn Gladiator)      Turns: 2095, Time: 00:02:20

Health: -3/41      AC:  8    Str: 16    XL:     5   Next: 14%
Magic:  5/5        EV: 12    Int: 10    God:
Gold:   105        SH:  4    Dex: 14    Spells: 4/4 levels left

rFire   . . .        a - +0 trident
rCold   . . .        (no shield)
rNeg    . . .        b - +0 leather armour
rPois   .            c - +0 helmet
rElec   .            (no cloak)
rCorr   .            (no gloves)
SInv    .            (no boots)
Will    .....        (no amulet)
Stlth   +            (no ring)
HPRegen 0.26/turn    (no ring)
MPRegen 0.09/turn

%: no passive effects
@: hasted, very quick
A: icemail 1, condensation shield, demonic magic 1
a: no special abilities


You were on level 3 of the Dungeon.
You visited 1 branch of the dungeon, and saw 3 of its levels.

You collected 105 gold pieces.

Inventory:

Hand Weapons
 a - a +0 trident (weapon)
Missiles
 d - 3 throwing nets (quivered)
 e - a javelin
Armour
 b - a +0 leather armour (worn)
 c - a +0 helmet (worn)
Scrolls
 g - a scroll of poison {unknown}
 j - a scroll of amnesia {unknown}
 l - a scroll of fear {unknown}
 m - a scroll of enchant weapon {unknown}
 n - a scroll of silence {unknown}
 o - a scroll of identify
Potions
 f - a potion of mutation
 h - a potion of curing
 k - a potion of resistance {unknown}
 p - a potion of lignification {unknown}


   Skills:
 + Level 3.2 Fighting
 + Level 3.5 Polearms
 - Level 1.7 Throwing
 + Level 2.0 Armour
 + Level 3.5 Dodging


You had 4 spell levels left.
You didn't know any spells.
Your spell library contained the following spells:

 Spells                   Type           Power      Damage    Failure   Level
 Freeze                   Ice            0%         1d3       43%         1
 Ensorcelled Hibernation  Hex/Ice        0%         N/A       56%         2
 Frozen Ramparts          Ice            0%         1d1       80%         3
 Hailstorm                Conj/Ice       0%         3d3       80%         3
 Spider Form              Tmut/Pois      0%         N/A       80%         3
 Anguish                  Hex/Necr       0%         N/A       99%         4


Dungeon Overview and Level Annotations

Branches:
Dungeon (3/15)

Altars:

Shops:
D:2 ?

Annotations:
D:3 1 runed translucent door, Crazy Yiuf


Innate Abilities, Weirdness & Mutations

A meltable icy envelope protects you from harm. (AC +4)
A meltable shield of frost defends you. (SH +4)
Spells you cast may paralyse adjacent enemies.


Message History

The gnoll is heavily wounded.
The gnoll barely misses you.
The gnoll hits you from afar with a +0 halberd!
Reach: a) +0 trident
Press: ? - help, Dir - move target, f/p - gnoll
Aim: a gnoll, wielding a +0 halberd and quivering poisoned darts (about 37% to evade your +0 trident)
The gnoll is in the way.
You barely miss the gnoll.
The gnoll is heavily wounded.
The gnoll closely misses you.
The gnoll hits you from afar with a +0 halberd!
Reach: a) +0 trident
Press: ? - help, Dir - move target, f/p - gnoll
Aim: a gnoll, wielding a +0 halberd and quivering poisoned darts (about 37% to evade your +0 trident)
The gnoll is in the way.
You closely miss the gnoll.
The gnoll is heavily wounded.
The gnoll barely misses you. The gnoll hits you but does no damage.
You block the gnoll's attack. The gnoll barely misses you.
Reach: a) +0 trident
Press: ? - help, Dir - move target, f/p - gnoll
Aim: a gnoll, wielding a +0 halberd and quivering poisoned darts (about 37% to evade your +0 trident)
The gnoll is in the way.
You hit the gnoll.
The gnoll is almost dead.
The gnoll closely misses you. The gnoll barely misses you.
Reach: a) +0 trident
Press: ? - help, Dir - move target, f/p - gnoll
Aim: a gnoll, wielding a +0 halberd and quivering poisoned darts (about 37% to evade your +0 trident)
The gnoll is in the way.
You closely miss the gnoll.
The gnoll is almost dead.
The gnoll hits you from afar with a +0 halberd.
The gnoll barely misses you.
Reach: a) +0 trident
Press: ? - help, Dir - move target, f/p - gnoll
Aim: a gnoll, wielding a +0 halberd and quivering poisoned darts (about 37% to evade your +0 trident)
The gnoll is in the way.
You hit the gnoll but do no damage.
The gnoll is almost dead.
The gnoll barely misses you. The gnoll hits you with a +0 flail!
* * * LOW HITPOINT WARNING * * *
You feel yourself speed up. The gnoll completely misses you.
The gnoll hits you with a +0 flail!
You die...

#.# ##'## # #.# #.# #
#.# ##.##### # #.#
#......# #.#
##...##.# #####.#####
#..†..# #.........#
#####...##
#.###.###.###..)....#
#.# #.....@gg...#...#
#.# #####.###.#....##
#.# #.# #.###..#
#.#######.# #......#
#.........# ######.#
### ########### .#
#)))#♣ .# #.))+)
#)))#♣ ### ♣


You could see 2 gnolls.

Vanquished Creatures
  2 orc priests (D:3)
  A gnoll (D:3)
  3 adders
  2 worms (D:2)
  A dart slug (D:1)
  3 orcs (D:3)
  5 ball pythons
  6 bats
  4 endoplasms
  3 hobgoblins
  5 kobolds
  A quokka (D:3)
  4 frilled lizards
  8 goblins
  4 rats
52 creatures vanquished.

Notes
Turn   | Place    | Note
-------+----------+-------------------------------------------
     0 | D:1      | Demosthentine the Demonspawn Gladiator began the quest for
                  | the Orb.
     0 | D:1      | Reached XP level 1. HP: 16/16 MP: 1/1
   323 | D:1      | Gained mutation: A meltable shield of frost defends you.
                  | (SH +4) [demonic ancestry]
   323 | D:1      | Reached XP level 2. HP: 12/22 MP: 2/2
   793 | D:2      | Reached skill level 1 in Armour
   861 | D:2      | Reached XP level 3. HP: 23/28 MP: 3/3
   986 | D:2      | Found Yloshuim's Magic Scroll Emporium.
  1513 | D:3      | Gained mutation: A meltable icy envelope protects you from
                  | harm. (AC +4) [demonic ancestry]
  1513 | D:3      | Reached XP level 4. HP: 34/34 MP: 4/4
  1740 | D:3      | Found a runed translucent door.
  1741 | D:3      | Noticed Crazy Yiuf
  1909 | D:3      | Gained mutation: Spells you cast may paralyse adjacent
                  | enemies. [demonic ancestry]
  1909 | D:3      | Reached XP level 5. HP: 34/41 MP: 5/5
  2095 | D:3      | Slain by a gnoll

Illustrated notes

Levels and vault maps discovered:
D:1:      elethiomel_arrival_quiet, layout_loops_ring, st_stairs_6
D:2:      layout_basic, serial_shops, nicolae_shop_tiny_statue_garden,
          chequers_serial_rivers_small_3, minmay_misc_feat_room,
          minmay_fractal_squares_gapless_5
D:3:      layout_loops_corners, serial_shops, shop, uniq_terence,
          uniq_crazy_yiuf_cottage

Skill      XL: |  1  2  3  4  5 |
---------------+----------------+-----
Polearms       | 3 |  3.5
Armour         | 1 2 |  2.0
Dodging        | 3 |  3.5
Fighting       | 3 |  3.2
Throwing       | |  1.7

Action                     |  1- 3 |  4- 6 || total
---------------------------+-------+-------++-------
  Melee: Trident           |   146 |    70 ||   216
    Use: Scroll            |     5 |       ||     5
         Potion            |     1 |     1 ||     2
   Stab: Sleeping          |     1 |       ||     1
 Armour: Leather armour    |    41 |    13 ||    54
  Dodge: Dodged            |    75 |    52 ||   127
  Block: Other             |    12 |    14 ||    26

Table legend: (Time is in decaauts)
 A = Elapsed time spent in this place.
 B = Non-inter-level travel time spent in this place.
 C = Inter-level travel time spent in this place.
 D = Time resting spent in this place.
 E = Time spent auto-exploring this place.
 F = Levels seen in this place.
 G = Mean time per level.
                   A        B        C        D        E       F      G
               +--------+--------+--------+--------+--------+-----+--------+
         Total |   2127 |   2080 |     47 |      0 |   1663 |   3 |  709.0 |
       Dungeon |   2127 |   2080 |     47 |      0 |   1663 |   3 |  709.0 |
               +--------+--------+--------+--------+--------+-----+--------+

Top non-repeatable levels by time:
     D:2: 744 daAuts
     D:1: 706 daAuts
     D:3: 677 daAuts
